 Dungeon Crawl Stone Soup version 0.22.0 (webtiles) character file.

56 Matudinoluver the Skirmisher (level 3, 0/30 HPs)
             Began as a Demonspawn Abyssal Knight on Sept 14, 2018.
             Was a Follower of Lugonu.
             Slain by an ooze (2 damage)
             ... on level 3 of the Dungeon.
             The game lasted 00:17:05 (2576 turns).

Matudinoluver the Skirmisher (DsAK)                 Turns: 2576, Time: 00:17:06

Health: 0/30       AC: 12    Str: 12      XL:     3   Next: 69%
Magic:  4/4        EV:  3    Int: 11 (13) God:    Lugonu [*.....]
Gold:   82         SH:  0    Dex: 10 (13) Spells: 2/2 levels left

rFire    . . .     SeeInvis .   a - +2 spear
rCold    . . .     Gourm    .   (no shield)
rNeg     . . .     Faith    .   k - +0 plate armour
rPois    +         Spirit   .   (no helmet)
rElec    .         Reflect  .   (no cloak)
rCorr    .         Harm     +   (no gloves)
MR       .....                  (no boots)
Stlth    ..........             e - amulet of harm
HPRegen  0.10/turn              o - ring of poison resistance
MPRegen  0.09/turn              (no ring)

@: about to teleport
A: yellow scales 1
a: Depart the Abyss, Renounce Religion


You were on level 3 of the Dungeon.
You worshipped Lugonu.
Lugonu was aware of your devotion.
You were not hungry.

You visited 1 branch of the dungeon, and saw 3 of its levels.
You visited the Abyss 1 time.

You collected 82 gold pieces.

Inventory:

Hand Weapons
 a - a +2 spear (weapon)
 f - a +0 hand axe
 l - a +1 whip of venom
Missiles
 g - 99 stones (quivered)
Armour
 b - a +0 leather armour
 k - a +0 plate armour (worn)
Jewellery
 e - an amulet of harm (around neck)
 o - a ring of poison resistance (left hand)
Scrolls
 d - 3 scrolls of remove curse
 i - a scroll of enchant weapon
 j - a scroll of teleportation
Potions
 h - 2 potions of degeneration
Comestibles
 c - 4 rations
 n - 4 chunks of flesh


   Skills:
 + Level 3.7 Fighting
 + Level 2.6 Polearms
 + Level 0.1 Throwing
 + Level 2.1 Armour
 + Level 1.0 Dodging
 + Level 0.1 Stealth
 + Level 2.5 Invocations


You had 2 spell levels left.
You didn't know any spells.
Your spell library was empty.

Dungeon Overview and Level Annotations

Branches:
Dungeon (3/15)

Altars:
Vehumet


Innate Abilities, Weirdness & Mutations

You are partially covered in yellow scales. (AC +2)


Message History

The orc is moderately wounded.
The orc hits you but does no damage. The orc barely misses you.
Some of the chunks of flesh in your inventory have rotted away.
Your plate armour prevents you from hitting the orc.
The orc is moderately wounded.
The orc hits you but does no damage. The orc completely misses you.
You hit the orc.
You kill the orc!
Lugonu accepts your kill. The orc barely misses you.
You hit the ooze.
The ooze is lightly wounded.
The orc hits you but does no damage. The ooze hits you.
* * * LOW HITPOINT WARNING * * *
Unknown command.
The ooze hits you but does no damage. The orc hits you with a club.
* * * LOW HITPOINT WARNING * * *
As you read the scroll of teleportation, it crumbles to dust.
You feel strangely unstable. The ooze hits you.
You die...

......?# .......# .......#
......o#####
........o..####
.......###[...### ########
####roK########### ######
###Jo.........# S...)####
#.@.....)...#
####....########..........#
#######...................#
.......#########..........#
.......# #..........#
.......# #..........#
.....S.# #..........#
.......# ############
..(....#


You could see an ooze, 2 orcs, a kobold and a rat.

Vanquished Creatures
  2 oozes (D:1)
  A worm (D:2)
  A dart slug (D:1)
  An orc (D:3)
  2 giant cockroaches (D:1)
  4 goblins
  5 hobgoblins
  2 jackals (D:2)
  A quokka (D:2)
  7 bats
  4 frilled lizards
  3 kobolds (D:1)
  7 rats
40 creatures vanquished.

Notes
Turn   | Place    | Note
-------+----------+-------------------------------------------
     0 | Abyss:1  | Matudinoluver the Demonspawn Abyssal Knight began the quest for the Orb.
     0 | Abyss:1  | Reached XP level 1. HP: 18/18 MP: 2/2
    92 | D:1      | Escaped the Abyss
   590 | D:1      | Gained mutation: You are partially covered in yellow scales. (AC +2) [demonic ancestry]
   590 | D:1      | Reached XP level 2. HP: 21/24 MP: 3/3
  1110 | D:2      | Found a radiant altar of Vehumet.
  1135 | D:2      | Reached XP level 3. HP: 29/29 MP: 4/4
  1199 | D:2      | Reached * piety under Lugonu
  1199 | D:2      | Reached skill level 1 in Dodging
  2576 | D:3      | Slain by an ooze

Skill      XL: |  1  2  3 |
---------------+----------+-----
Polearms       | 2 |  2.6
Dodging        | 1 |  1.0
Armour         | 2 |  2.1
Fighting       | |  3.7
Throwing       | |  0.1
Stealth        | |  0.1
Invocations    | |  2.5

Action                   || total
-------------------------++-------
Melee: Spear             ||   172
Throw: Stone             ||    14
Invok: Depart the Abyss  ||     1
  Use: Potion            ||     5
       Scroll            ||     8
  Eat: Ration            ||     1
       Chunk             ||     2
Armor: Leather armour    ||    10
       Plate armour      ||    90
Dodge: Dodged            ||    47
